 Dungeon Crawl Stone Soup version 0.30-a0-799-g109b55a442 (webtiles) character file.

Game seed: 15742718613341467809

71303 bande the Cleaver (level 15, 0/92 HPs)
             Began as a Gargoyle Fighter on Feb 20, 2023.
             Was the Champion of Okawaru.
             Slain by a hog (4 damage)
             ... led by Kirke
             ... on level 5 of the Lair of Beasts.
             The game lasted 00:30:38 (17970 turns).

bande the Cleaver (Gargoyle Fighter)               Turns: 17970, Time: 00:30:38

Health: 0/92       AC:  0    Str: 21    XL:     15   Next: 36%
Magic:  23/23      EV: 13    Int:  9    God:    Okawaru [******]
Gold:   850        SH:  0    Dex: 15    Spells: 14/14 levels left

rFire   . . .      SeeInvis .    (weapon currently unavailable)
rCold   . . .      Faith    .    (shield currently unavailable)
rNeg    + . .      Spirit   .    (body armour currently unavailable)
rPois   ∞          Reflect  .    (helmet currently unavailable)
rElec   .          Harm     .    (cloak currently unavailable)
rCorr   .          Rampage  .    (gloves currently unavailable)
Will    +....                    (boots currently unavailable)
Stlth   +                        J - amulet of regeneration
HPRegen 1.15/turn                (ring currently unavailable)
MPRegen 0.18/turn                (ring currently unavailable)

@: pig-form, on berserk cooldown, slowed, studying Maces & Flails
A: fast, no casting, sickness immunity, AC +11, small, (big wings), negative
energy resistance 1, (electricity resistance), torment resistance 1,
petrification resistance
a: Renounce Religion, Heroism, Finesse, Duel


You were on level 5 of the Lair of Beasts.
You worshipped Okawaru.
Okawaru was exalted by your worship.
You were a filthy swine.
You visited 3 branches of the dungeon, and saw 15 of its levels.
You also visited: Sewer and Gauntlet.

You collected 850 gold pieces.

Inventory:

Hand Weapons
 E - the +11 war axe of the Dove (melded) {flame, rElec Will- SInv}
   (You found it on level 8 of the Dungeon)

   rElec:     It insulates you from electricity.
   SInv:      It lets you see invisible.
   Will:      It decreases your willpower.
 R - a +5 broad axe of electrocution
 T - a +0 broad axe of flaming
Missiles
 P - 2 throwing nets (quivered)
Armour
 k - a +1 helmet (melded)
 t - a +0 pair of gloves (melded)
 H - a +0 tower shield (melded)
 U - the +2 plate armour of Divine Intervention (melded) {rElec rC+ Str+3}
   (You found it in a Gauntlet)

   Str:       It affects your strength (+3).
   rC:        It protects you from cold.
   rElec:     It insulates you from electricity.
Jewellery
 a - a +6 ring of intelligence
 e - a ring of wizardry
 q - a +6 ring of intelligence
 u - an amulet of reflection
 B - a ring of ice
 C - a ring of protection from fire (melded)
 J - an amulet of regeneration (around neck)
 K - an amulet of the acrobat
 N - a ring of ice
 Q - an amulet of reflection
Wands
 c - a wand of paralysis (5)
 p - a wand of flame (22)
 s - a wand of acid (12)
 w - a wand of roots (8)
 x - a wand of mindburst (32)
 z - a wand of digging (5)
 M - a wand of polymorph (5)
Scrolls
 f - 3 scrolls of fog
 n - 4 scrolls of amnesia
 o - a scroll of acquirement
 y - 3 scrolls of blinking
 A - 2 scrolls of enchant weapon
 D - 7 scrolls of teleportation
 F - 2 scrolls of enchant armour
 S - a scroll of poison
 W - a scroll of magic mapping
Potions
 b - 3 potions of flight
 d - 2 potions of might
 g - 3 potions of berserk rage
 h - a potion of heal wounds
 i - 2 potions of invisibility
 j - 11 potions of curing
 l - 6 potions of brilliance
 r - 2 potions of haste
 v - 4 potions of mutation
 G - a potion of cancellation {unknown}
 I - a potion of resistance {unknown}
 O - 2 potions of ambrosia
Miscellaneous
 V - a phial of floods


   Skills:
 + Level 10.3 Fighting
 + Level 13.4 Axes
 + Level 10.5 Armour
 + Level 10.5 Shields
 * Level 11.0 Invocations
 * Level 9.5 Evocations


You had 14 spell levels left.
You didn't know any spells.
Your spell library contained the following spells:

 Spells                   Type           Power      Damage    Failure   Level
 Sandblast                Erth           0%         2d4       38%         1
 Slow                     Hex            0%         N/A       38%         1
 Passwall                 Tmut/Erth      0%         N/A       52%         2
 Static Discharge         Conj/Air       0%         2-2/arc   52%         2
 Confusing Touch          Hex            0%         N/A       77%         3
 Dazzling Flash           Conj/Hex       0%         N/A       77%         3
 Gell's Gravitas          Tloc           0%         N/A       77%         3
 Ozocubu's Armour         Ice            0%         N/A       77%         3
 Portal Projectile        Hex/Tloc       0%         N/A       77%         3
 Stone Arrow              Conj/Erth      0%         3d7       77%         3
 Teleport Other           Tloc           0%         N/A       77%         3
 Vampiric Draining        Necr           0%         2d6       77%         3
 Vhi's Electric Charge    Tloc/Air       0%         N/A       77%         3
 Anguish                  Hex/Necr       0%         N/A       99%         4
 Dispel Undead            Necr           0%         3d6       99%         4
 Iskenderun's Mystic Bla  Conj/Tloc      0%         2d3       99%         4
 Leda's Liquefaction      Hex/Erth       0%         N/A       99%         4
 Passage of Golubria      Tloc           0%         N/A       99%         4
 Alistair's Intoxication  Tmut/Pois      0%         N/A       100%        5
 Arcjolt                  Conj/Air       0%         1d10      100%        5
 Borgnjor's Vile Clutch   Necr/Erth      0%         N/A       100%        5
 Lightning Bolt           Conj/Air       0%         1d11      100%        5
 Yara's Violent Unravell  Hex/Tmut       0%         3d3       100%        5
 Dispersal                Tloc           0%         N/A       100%        6
 Eringya's Noxious Bog    Tmut/Pois      0%         N/A       100%        6
 Starburst                Conj/Fire      0%         6d3       100%        6
 Enfeeble                 Hex            0%         N/A       100%        7
 Ozocubu's Refrigeration  Ice            0%         4d7       100%        7
 Lehudib's Crystal Spear  Conj/Erth      0%         10d2      100%        8
 Maxwell's Capacitive Co  Air            0%         ∞         100%        8
 Cigotuvi's Dreadful Rot  Necr/Pois/Air  Unusable   N/A       N/A         2
 Call Canine Familiar     Summ           Unusable   N/A       N/A         3
 Tukima's Dance           Hex            Unusable   N/A       N/A         3
 Animate Armour           Summ/Erth      Unusable   N/A       N/A         4
 Death Channel            Necr           Unusable   N/A       N/A         6

Dungeon Overview and Level Annotations

Branches:
Dungeon (9/15)             Temple (1/1) D:5            Lair (5/5) D:9
  Swamp (0/4) Lair:3        Snake (0/4) Lair:3        Slime (0/5) Lair:5
    Orc (0/2) D:9           Sewer (visited)         Gauntlet (visited)

Altars:
Ashenzari
Cheibriados
Dithmenos
Elyvilon
Hepliaklqana
Kikubaaqudgha
Nemelex Xobeh
Okawaru
Ru
Trog
Uskayaw
Vehumet
Wu Jian
The Shining One
Jiyva

Shops:
D:2 (

Annotations:
D:5 exclusion: statue
D:9 1 transporter
Lair:5 1 runed translucent door, Kirke


Innate Abilities, Weirdness & Mutations

You are a filthy swine.
You move quickly.
Your equipment is almost entirely melded.
You are incapable of wielding weapons or throwing items.
You cannot cast spells.
You are immune to sickness and miasma.
((Your stone body is resilient. (AC +11)))
You are immune to poison.
((Your large and strong wings let you fly.))
You resist negative energy. (rN+)
((You are resistant to electric shocks. (rElec)))
You are resistant to unholy torment.
You are immune to petrification.


Message History

You slash the manticore! You burn the manticore. You slash the lindwurm!
You burn the lindwurm. You hit the lindwurm. You burn the lindwurm.
You slash the elephant! You burn the elephant. You block Kirke's attack.
You block the hog's attack. The hog bites you but does no damage.
The lindwurm bites you but does no damage.
The lindwurm barely misses you.
The lindwurm claws you but does no damage.
You block the manticore's attack. x2
The manticore claws you but does no damage.
Kirke hits you with a +0 great sword.
* * * LOW HITPOINT WARNING * * *
The hog bites you but does no damage. The hog barely misses you.
The elephant barely misses you. You block the elephant's attack.
The lindwurm bites you.
* * * LOW HITPOINT WARNING * * *
The lindwurm claws you but does no damage. x2
The lindwurm bites you.
* * * LOW HITPOINT WARNING * * *
The lindwurm claws you but does no damage.
You block the lindwurm's attack.
The manticore bites you but does no damage.
The manticore claws you but does no damage.
The manticore barely misses you.
Kirke points at you and mumbles some strange words.
You turn into a filthy swine.
The +11 war axe of the Dove {flame, rElec Will- SInv} melds into your body.
Your +1 helmet melds into your body.
Your +0 pair of gloves melds into your body.
Your +0 tower shield melds into your body.
The +2 plate armour of Divine Intervention {rElec rC+ Str+3} melds into your body.
Your ring of protection from fire melds into your body.
The +11 war axe of the Dove {flame, rElec Will- SInv} stops flaming.
The hog bites you.
* * * LOW HITPOINT WARNING * * *
Unknown command.
Unknown command.
You hit Kirke.
Kirke is moderately wounded.
The hog bites you.
You die...

.................................
....................<......<.....
#...........#..P#.#.....##..#.##.
##...#P....###.....##... #####...
.#.......##.....###...P#####.#.
..#...#......###....#.....## ..
#........#............
..#...YH..## ..P#P......
......hh@##P.. ##.....#
...#..hkkl#P.. ##.....
..#.#...h.#..... ####.#P ...
##.P...#....###..##..
......#....§.FFF....
.......h.....h.F@l...
.....^........hk......
...............h..#..PP
.....l##†####.


You could see Kirke (fast), an elephant, a manticore (summoned), 2 lindwurms, a
polar bear, a komodo dragon and 3 hogs.

Vanquished Creatures
  A minotaur (Gauntlet)
  2 hydras (Lair:4)
  A ghost crab (Lair:3)
  2 catoblepae
  Erica (Lair:2)
  2 death yaks (Lair:4)
  2 thrashing horrors (Gauntlet)
  Nergalle (Lair:1)
  A skyshark (Lair:5)
  A fire crab (Lair:4)
  A spectral death yak (Lair:3)
  A spectral hydra (Lair:3)
  A necromancer (Gauntlet)
  A moth of wrath (Gauntlet)
  7 elephants
  6 torpor snails
  8 black mambas
  6 komodo dragons
  16 cane toads
  A kobold demonologist (D:9)
  3 rime drakes
  5 polar bears
  3 dream sheep (Lair:4)
  17 blink frogs
  A slime creature (D:5)
  Sigmund (D:6)
  4 wyverns
  A spectral black mamba (Lair:3)
  39 yaks
  A basilisk (Lair:5)
  2 steam dragons
  A warg (D:9)
  Edmund (D:6)
  3 nagas (Lair:3)
  An acid dragon (D:9)
  16 water moccasins
  8 black bears
  6 orc warriors
  An ice beast (D:6)
  An ogre (D:5)
  15 wolves
  6 centaurs
  23 kobold brigands
  14 bullfrogs
  5 necrophages
  4 scorpions
  6 wights
  A howler monkey (D:4)
  5 hounds
  6 jellies
  5 orc priests
  2 gnoll boudas
  Terence (D:1)
  6 iguanas
  16 orc wizards
  3 small abominations (Gauntlet)
  Robin (D:2)
  11 gnolls
  7 adders
  A river rat (D:6)
  5 white imps
  An ufetubus (D:4)
  2 worms
  2 dart slugs
  30 orcs
  11 endoplasms
  9 giant cockroaches
  10 goblins
  11 hobgoblins
  12 jackals
  2 quokkas
  11 ball pythons
  5 bats
  A frilled lizard (D:2)
  42 kobolds
  9 rats
478 creatures vanquished.

Vanquished Creatures (others)
  23 demonic plants (Gauntlet)
  41 fungi
  51 plants
  7 toadstools (D:5)
122 creatures vanquished.

Grand Total: 600 creatures vanquished

Notes
Turn   | Place    | Note
-------+----------+-------------------------------------------
     0 | D:1      | bande the Gargoyle Fighter began the quest for the Orb.
     0 | D:1      | Reached XP level 1. HP: 14/14 MP: 1/1
   223 | D:1      | Reached XP level 2. HP: 19/19 MP: 2/2
   591 | D:1      | Reached XP level 3. HP: 24/24 MP: 3/3
   661 | D:1      | Reached skill level 2 in Axes
   799 | D:2      | Noticed Terence
   941 | D:1      | Killed Terence
   942 | D:1      | Reached XP level 4. HP: 20/29 MP: 4/4
   984 | D:2      | Noticed Robin
   995 | D:2      | Killed Robin
  1154 | D:2      | Found Wuisk's Antique Weapon Shop.
  1512 | D:2      | Found a bloodstained altar of Trog.
  1563 | D:2      | Reached skill level 3 in Axes
  1906 | D:3      | Reached XP level 5. HP: 25/33 MP: 5/5
  3045 | D:4      | Reached XP level 6. HP: 28/39 MP: 6/6
  3098 | D:4      | Reached skill level 4 in Axes
  3105 | D:4      | Reached skill level 1 in Evocations
  3292 | D:4      | Reached XP level 7. HP: 38/44 MP: 7/7
  3325 | D:4      | Found an iron altar of Okawaru.
  3326 | D:4      | Found a hazy altar of Hepliaklqana.
  3328 | D:4      | Found a bloodstained altar of Trog.
  3330 | D:4      | Found a snail-covered altar of Cheibriados.
  3334 | D:4      | Became a worshipper of Warmaster Okawaru
  3544 | D:4      | Reached skill level 1 in Invocations
  3797 | D:4      | Found a glowing golden altar of the Shining One.
  3835 | D:4      | Found a broken altar of Ashenzari.
  4004 | D:5      | Entered Level 5 of the Dungeon
  4027 | D:5      | Found a staircase to the Ecumenical Temple.
  4056 | D:5      | Reached skill level 5 in Axes
  4056 | D:5      | Reached skill level 5 in Armour
  4064 | D:5      | Reached * piety under Okawaru
  4077 | D:5      | HP: 1/44 [gnoll/+1 spear of venom (3)]
  4083 | D:5      | Reached XP level 8. HP: 21/48 MP: 9/9
  4105 | Temple   | Entered the Ecumenical Temple
  4298 | D:5      | Reached skill level 5 in Fighting
  4740 | D:5      | Noticed a slime creature
  4774 | D:4      | Reached ** piety under Okawaru
  5043 | D:4      | Reached skill level 6 in Axes
  5364 | D:5      | Killed a slime creature
  5365 | D:5      | Reached skill level 5 in Shields
  5921 | D:5      | Found a radiant altar of Vehumet.
  5986 | D:6      | Noticed Edmund
  6012 | D:6      | Killed Edmund
  6013 | D:6      | Reached XP level 9. HP: 34/54 MP: 11/11
  6193 | D:6      | Found a glowing drain.
  6207 | Sewer    | Entered a sewer
  6569 | D:6      | Reached skill level 7 in Axes
  6922 | D:6      | Found an ornate altar of the Wu Jian Council.
  6936 | D:6      | Reached *** piety under Okawaru
  7279 | D:6      | Noticed Sigmund
  7287 | D:6      | Killed Sigmund
  7693 | D:7      | Identified the +5 falchion of the Tooth {heavy, rElec Str+2
                  | Int+4 SInv}
  7905 | D:7      | Reached skill level 8 in Axes
  7969 | D:7      | Reached skill level 5 in Invocations
  7969 | D:7      | Reached XP level 10. HP: 58/60 MP: 13/13
  8489 | D:8      | Reached **** piety under Okawaru
  8633 | D:8      | Found an ancient bone altar of Kikubaaqudgha.
  8863 | D:8      | Identified the +11 war axe of the Dove {flame, rElec Will-
                  | SInv}
  9457 | D:8      | Reached skill level 5 in Evocations
  9527 | D:9      | Identified the +0 leather armour of Indomitability {-Cast
                  | rF+ rCorr SInv}
  9532 | D:9      | Found a sparkling altar of Nemelex Xobeh.
  9532 | D:9      | Found a transporter.
  9556 | D:9      | Reached skill level 9 in Axes
  9613 | D:9      | Reached ***** piety under Okawaru
  9619 | D:9      | Found a staircase to the Orcish Mines.
  9620 | D:9      | Paralysed by an orc for 2 turns
  9629 | D:9      | HP: 3/63 [orc warrior/+0 halberd (9)]
  9638 | D:9      | Reached XP level 11. HP: 34/67 MP: 15/15
 10058 | D:9      | Found a staircase to the Lair.
 10303 | D:9      | Found a shadowy altar of Dithmenos.
 10417 | Lair:1   | Entered Level 1 of the Lair of Beasts
 10585 | Lair:1   | Reached skill level 10 in Axes
 10591 | Lair:1   | Identified the +4 hand axe of Eternal Vigilance {heavy, rN+
                  | Dex+4} (Okawaru gifted it to you on level 1 of the Lair of
                  | Beasts)
 10591 | Lair:1   | Received a gift from Okawaru
 11015 | Lair:1   | Identified a scroll of acquirement
 11122 | Lair:1   | Noticed Nergalle
 11130 | Lair:1   | Killed Nergalle
 11705 | Lair:2   | Reached XP level 12. HP: 73/73 MP: 17/17
 11730 | Lair:2   | Noticed Erica
 11745 | Lair:2   | Killed Erica
 11745 | Lair:2   | Reached ****** piety under Okawaru
 11927 | Lair:2   | Received a gift from Okawaru
 12343 | Lair:3   | Reached skill level 11 in Axes
 12577 | Lair:3   | Found a gate leading to a gauntlet.
 12595 | Gauntlet | Entered a Gauntlet
 12595 | Gauntlet | Found a transporter.
 12595 | Gauntlet | Found a transporter.
 12596 | Gauntlet | Found a transporter.
 12596 | Gauntlet | Found a transporter.
 12621 | Gauntlet | Found a transporter.
 12657 | Gauntlet | Found a transporter.
 12671 | Gauntlet | Found a transporter.
 12671 | Gauntlet | Found a transporter.
 12676 | Gauntlet | Found a transporter.
 12683 | Gauntlet | Noticed a thrashing horror
 12693 | Gauntlet | Found a transporter.
 12773 | Gauntlet | Received a gift from Okawaru
 12851 | Gauntlet | Noticed a thrashing horror
 12859 | Gauntlet | Found a transporter.
 12872 | Gauntlet | Killed a thrashing horror
 12877 | Gauntlet | Killed a thrashing horror
 13077 | Gauntlet | Noticed a minotaur
 13087 | Gauntlet | Killed a minotaur
 13264 | Gauntlet | Identified the +2 plate armour of Divine Intervention
                  | {rElec rC+ Str+3}
 13339 | Gauntlet | Found a transporter.
 13501 | Lair:3   | Identified the +3 chain mail of a ziggurat {Harm rElec
                  | Will++ Dex-5} (Okawaru gifted it to you on level 3 of the
                  | Lair of Beasts)
 13501 | Lair:3   | Received a gift from Okawaru
 13596 | Lair:3   | Reached XP level 13. HP: 72/80 MP: 19/19
 13777 | Lair:3   | Reached skill level 12 in Axes
 13804 | Lair:3   | Found a staircase to the Snake Pit.
 13851 | Lair:3   | Found a staircase to the Swamp.
 15135 | Lair:4   | Identified the +0 chain mail "Vagruq" {rPois rC+ Dex-2}
                  | (Okawaru gifted it to you on level 4 of the Lair of Beasts)
 15135 | Lair:4   | Received a gift from Okawaru
 15258 | Lair:4   | Reached skill level 10 in Invocations
 16069 | Lair:4   | Upgraded the game from 0.30-a0-793-g160f7cfddd to
                  | 0.30-a0-799-g109b55a442
 16139 | Lair:5   | Entered Level 5 of the Lair of Beasts
 16152 | Lair:5   | Gained mutation: Your large and strong wings let you fly.
                  | [Gargoyle growth]
 16152 | Lair:5   | Reached XP level 14. HP: 86/87 MP: 21/21
 16162 | Lair:4   | Reached skill level 13 in Axes
 16162 | Lair:4   | Reached skill level 10 in Shields
 16410 | Lair:4   | Reached skill level 10 in Armour
 17015 | Lair:5   | Noticed Kirke
 17329 | Lair:5   | Received a gift from Okawaru
 17447 | Lair:5   | Found a runed translucent door.
 17537 | Lair:5   | Reached skill level 10 in Fighting
 17749 | Lair:5   | Reached XP level 15. HP: 92/92 MP: 21/23
 17821 | Lair:5   | Identified the +2 dagger "Sexup" {heavy, SInv}
 17852 | Lair:5   | Found a staircase to the Slime Pits.
 17852 | Lair:5   | Found a viscous altar of Jiyva.
 17969 | Lair:5   | HP: 3/92 [lindwurm[Kirke] (3)]
 17970 | Lair:5   | Slain by a hog

Illustrated notes

Levels and vault maps discovered:
D:1:      matt_arrival_los_fun, layout_rooms, serial_forest,
          infiniplex_forest_diagonal, infiniplex_forest_straight_3,
          infiniplex_forest_corner_2, infiniplex_forest_fountain,
          infiniplex_forest_straight_2, infiniplex_forest_clump_tiny,
          infiniplex_forest_lined_room_2, infiniplex_forest_zigzag_2,
          ebering_dispersal_statue_hall
D:2:      layout_basic, basic_altar, serial_shops, shop_fountains,
          serial_curves, eino_curves_04, eino_curves_04, uniq_robin,
          uniq_terence
D:3:      layout_basic
D:4:      layout_basic, mainiacjoe_overflow_alcove_3, ashenzari_altar_1,
          tso_metal_star, minmay_manual_mail
D:5:      cheibrodos_fertilizer, layout_cave_pools, vehumet_statue,
          minmay_temple_entry_wispy
D:6:      layout_loops_ring, nicolae_wu_jian_immortal_techniques,
          portal_sewer_entry_b, dreamdust_gnoll_farm, uniq_edmund, uniq_sigmund
D:7:      layout_cave_pods, grunt_decor_cap
D:8:      layout_basic, mainiacjoe_overflow_boulevard,
          nicolae_ossuary_entry_monument, minmay_joined_circles
D:9:      layout_roguey [special_room_kobold], mainiacjoe_overflow_alcove_1,
          grunt_nemelex_the_gamble, lair_entry_dummy, david_orc_3
Temple:   nicolae_temple_ecumenical_triangle
Lair:1:   layout_cave_pods, serial_bayou_shore_b, lemuel_fruit_tree,
          uniq_nergalle
Lair:2:   layout_long_grid, dreamdust_mushroom_princess, uniq_erica
Lair:3:   beast_lair_carwin_large_3, layout_cave_pods,
          nicolae_swamp_entry_spooky, nicolae_snake_entry_squirm,
          gauntlet_entry_generic
Lair:4:   nzn_winding_woodlands_huge [nzn_winding_woodlands_5x15_twine,
          nzn_winding_woodlands_5x15_cabin,
          nzn_winding_woodlands_5x15_longhouse, nzn_winding_woodlands_5x15_eye,
          nzn_winding_woodlands_5x15_pathside_ponds,
          nzn_winding_woodlands_5x15_crooked, nzn_winding_woodlands_5x15_garden,
          nzn_winding_woodlands_5x15_pool, nzn_winding_woodlands_5x15_jagged,
          nzn_winding_woodlands_5x15_split_checker,
          nzn_winding_woodlands_center_triple_pond,
          nzn_winding_woodlands_center_garden,
          nzn_winding_woodlands_15x15_five_gardens], layout_regular_city
Lair:5:   wormcave, layout_regular_city, slime_entry_1, grunt_megastairs_4,
          uniq_kirke

Skill      XL: |  1  2  3  4  5  6  7  8  9 10 11 12 13 14 |
---------------+-------------------------------------------+-----
Axes           | 2 3 4 5 6 8 9 10 11 12 13 | 13.4
Fighting       | 4 5 6 7 8 9 10 | 10.3
Armour         | 4 5 6 7 8 9 10 | 10.5
Shields        | 4 5 6 7 8 9 10 | 10.5
Evocations     | 1 2 3 4 5 6 7 8 9 |  9.5
Invocations    | 1 3 5 6 7 8 10 11 | 11.0

Action                     |  1- 3 |  4- 6 |  7- 9 | 10-12 | 13-15 || total
---------------------------+-------+-------+-------+-------+-------++-------
  Melee: War axe           |    95 |   153 |   367 |   428 |   351 ||  1394
         Unarmed           |       |       |       |       |     5 ||     5
    Use: Scroll            |       |    12 |     9 |     3 |     4 ||    28
         Potion            |       |     1 |     1 |     4 |     4 ||    10
   Stab: Distracted        |       |       |       |       |     1 ||     1
 Armour: Scale mail        |    75 |    59 |       |       |       ||   134
         Chain mail        |       |    62 |   305 |   108 |       ||   475
         Plate armour      |       |       |       |   301 |   359 ||   660
  Dodge: Dodged            |    67 |    64 |   149 |    75 |    99 ||   454
  Block: Buckler           |    31 |    34 |   110 |    15 |       ||   190
         Tower shield      |       |       |       |   394 |   406 ||   800

Table legend: (Time is in decaauts)
 A = Elapsed time spent in this place.
 B = Non-inter-level travel time spent in this place.
 C = Inter-level travel time spent in this place.
 D = Time resting spent in this place.
 E = Time spent auto-exploring this place.
 F = Levels seen in this place.
 G = Mean time per level.
                   A        B        C        D        E       F      G
               +--------+--------+--------+--------+--------+-----+--------+
         Total |  18399 |  18011 |    388 |   4311 |   9869 |  17 | 1082.3 |
       Dungeon |  10215 |   9933 |    282 |   1848 |   6011 |   9 | 1135.0 |
        Temple |    172 |    172 |      0 |    171 |      0 |   1 |  172.0 |
          Lair |   6926 |   6820 |    106 |   1951 |   3579 |   5 | 1385.2 |
         Sewer |    304 |    304 |      0 |      0 |    173 |   1 |  304.0 |
      Gauntlet |    781 |    781 |      0 |    341 |    105 |   1 |  781.0 |
               +--------+--------+--------+--------+--------+-----+--------+

Top non-repeatable levels by time:
  Lair:4: 2534 daAuts
     D:4: 1534 daAuts
  Lair:3: 1425 daAuts
     D:5: 1321 daAuts
     D:6: 1315 daAuts
     D:3: 1233 daAuts
  Lair:1: 1143 daAuts
     D:1: 1110 daAuts
  Lair:5: 1032 daAuts
     D:9: 1005 daAuts
     D:8: 1000 daAuts
     D:7: 921 daAuts
  Lair:2: 790 daAuts
Gauntlet: 781 daAuts
     D:2: 773 daAuts
